 Dungeon Crawl Stone Soup version 0.18.1-8-gdd0e5ea (webtiles) character file.

5250 nikopol the Cleaver (level 10, -2/91 HPs)
             Began as a Minotaur Berserker on June 2, 2016.
             Was a High Priest of Trog.
             Slain by an orc knight
             ... wielding a cursed +0 broad axe
              (36 damage)
             ... in a bailey.
             The game lasted 00:29:53 (7123 turns).

nikopol the Cleaver (Minotaur Berserker)            Turns: 7123, Time: 00:29:54

Health: -2/91      AC: 13    Str: 26    XL:     10   Next: 36%
Magic:  9/9        EV: 18    Int:  4    God:    Trog [*****.]
Gold:   410        SH:  0    Dex: 13    Spells: 0 memorised, 9 levels left

rFire  . . .     SeeInvis +     x - +7 hand axe of Skirmishing {elec, Str+4}
rCold  + . .     Gourm    .     K - +3 ring mail {rC+}
rNeg   . . .     Faith    .     (no shield)
rPois  .         Spirit   .     (helmet restricted)
rElec  .         Dismiss  .     G - +0 cloak
rCorr  .         Reflect  .     L - +1 pair of gloves
SustAt .         Harm     .     (no boots)
MR     .....                    (no amulet)
Stlth  +.........               D - ring of see invisible
                                J - +3 ring of evasion

@: exhausted, slowed, very slow, not resistant to hostile enchantments, very
unstealthy
A: retaliatory headbutt, horns 2
a: Berserk, Trog's Hand, Brothers in Arms, Burn Spellbooks, Renounce Religion


You were in a bailey.
You worshipped Trog.
Trog was extremely pleased with you.
You were not hungry.

You visited 1 branch of the dungeon, and saw 8 of its levels.
You also visited: Bailey.

You collected 410 gold pieces.

Inventory:

Hand Weapons
 c - a +0 shortbow
 x - the +7 hand axe of Skirmishing (weapon) {elec, Str+4}
   (You found it on level 7 of the Dungeon)

   Occasionally, upon striking a foe, it will discharge some electrical energy
   and cause terrible harm.
   It affects your strength (+4).
 N - a +2 hand axe of chopping
Missiles
 O - 59 arrows
Armour
 b - a +0 animal skin
 h - a cursed +0 leather armour
 j - a +0 ring mail
 F - a +0 scale mail
 G - a +0 cloak (worn)
 K - a +3 ring mail of cold resistance (worn)
 L - a +1 pair of gloves (worn)
Jewellery
 D - a ring of see invisible (right hand)
 J - a +3 ring of evasion (left hand)
Wands
 a - a wand of flame (33/48)
 d - a wand of flame (33/48)
 w - a wand of flame (22/48)
 Q - a wand of flame (30/48)
Scrolls
 g - 3 scrolls of identify
 n - 5 scrolls of remove curse
 o - a scroll of enchant armour
 p - 6 scrolls of noise
 u - 7 scrolls of recharging {unknown}
 v - 4 scrolls of enchant weapon {unknown}
 y - a scroll of amnesia {unknown}
 A - 2 scrolls of blinking {unknown}
 E - 2 scrolls of immolation {unknown}
Potions
 e - a potion of berserk rage {unknown}
 i - a potion of might {unknown}
 k - 5 potions of curing
 r - a potion of resistance {unknown}
 z - 3 potions of agility {unknown}
 B - a potion of haste {unknown}
 C - a potion of invisibility {unknown}
 H - a potion of flight {unknown}
 I - 3 potions of lignification {unknown}
Comestibles
 m - a royal jelly
 q - 4 meat rations
 s - 2 slices of pizza
 M - 11 chunks of flesh
 P - 3 bread rations


   Skills:
 + Level 9.1 Fighting
 * Level 10.8(11.0) Axes
   Level 3.7(7.9) Polearms
 + Level 4.0 Bows
 + Level 8.3 Armour
 + Level 7.7 Dodging


You had 9 spell levels left.
You didn't know any spells.

Dungeon Overview and Level Annotations

Branches:
Dungeon (8/15)             Temple (0/1) D:4
   Lair: D:8-11

Altars:
Kikubaaqudgha
Okawaru
Pakellas
Qazlal
Ru
Sif Muna
Trog
Zin
The Shining One


Innate Abilities, Weirdness & Mutations

You reflexively headbutt those who attack you in melee.
You have a pair of horns on your head.


Message History

There is a sudden explosion of sparks!
The orc knight is lightly wounded.
You slash the orc warlord!
The orc warlord is moderately wounded.
You slash the gnoll!
You kill the gnoll!
Trog accepts your kill. Something appears at your feet! Trog grants you a gift!
The orc warrior no longer looks unusually strong.
The orc knight roars a battlecry!
The orc warrior goes into a battle-frenzy!
The orc warlord roars a battlecry!
The orcs go into a battle-frenzy!
The orc warlord hits you with a long sword!!
The orc warrior moves out of view.
The orc knight roars a battlecry!
The orc goes into a battle-frenzy!
The orc knight hits you with a broad axe!!!
You die...

#.........#......
.......##.......##......
....... ....#.......
....g.. ..# #.......
...⌠o.. ###o###.....⌠..
...o..g ##88.88##.......
....... #.oo....#
......g##).g)...##
.....og@og...))..+
#.....##o..=)).).# #####
#.....)))...#
##.........##
#.........# ##.......##
#!!...!!# ##!!∩!?##
#######


You could see an orc warlord, 2 orc knights, an orc warrior, 3 gnolls, 4 orcs, a
hobgoblin and 2 goblins.

Vanquished Creatures
  The ghost of simples the Shield-Bearer, a novice FoFi (D:7)
  Pikel (D:4)
  Sigmund (D:6)
  Eustachio (D:5)
  Menkaure (D:5)
  12 orc warriors
  2 slaves (D:4)
  2 sky beasts
  A black bear (D:7)
  2 ice beasts
  A wasp (D:7)
  A phantom (D:8)
  5 ogres
  2 centaurs
  A big kobold (D:8)
  3 giant frogs
  A water moccasin skeleton (D:5)
  2 howler monkeys
  A crimson imp (D:5)
  2 jellies (D:7)
  A giant frog skeleton (D:7)
  6 orc priests
  2 hounds
  2 orc wizards
  Crazy Yiuf (D:4)
  A centaur skeleton (D:8)
  2 iguanas
  5 worker ants
  A killer bee zombie (D:5)
  3 hound skeletons
  A howler monkey zombie (D:5)
  Robin (D:3)
  12 gnolls
  6 adders
  An ooze (D:1)
  An adder zombie (D:5)
  3 worms
  7 dart slugs
  7 giant geckos
  51 orcs
  6 bats
  4 giant cockroaches
  24 goblins
  21 hobgoblins
  8 jackals
  6 ball pythons
  A giant gecko skeleton (D:6)
  3 giant newts
  9 kobolds
  4 rats
243 creatures vanquished.

Vanquished Creatures (collateral kills)
  Edmund (D:6)
1 creature vanquished.

Grand Total: 244 creatures vanquished

Notes
Turn   | Place    | Note
--------------------------------------------------------------
     0 | D:1      | nikopol the Minotaur Berserker began the quest for the Orb.
     0 | D:1      | Reached XP level 1. HP: 19/19 MP: 0/0
   242 | D:1      | Reached XP level 2. HP: 26/27 MP: 1/1
   247 | D:1      | Reached skill level 1 in Axes
   649 | D:2      | Reached XP level 3. HP: 33/33 MP: 2/2
   653 | D:2      | Reached ** piety under Trog
   924 | D:2      | Reached skill level 2 in Axes
   930 | D:2      | Reached XP level 4. HP: 22/40 MP: 3/3
  1264 | D:2      | Found an oddly glowing altar of Pakellas.
  1264 | D:2      | Found a glowing silver altar of Zin.
  1324 | D:2      | Found a bloodstained altar of Trog.
  1367 | D:2      | Found a sacrificial altar of Ru.
  1570 | D:3      | Noticed Robin
  1574 | D:3      | Reached *** piety under Trog
  1579 | D:3      | Reached skill level 3 in Axes
  1585 | D:3      | Reached XP level 5. HP: 47/47 MP: 4/4
  1590 | D:3      | Killed Robin
  2595 | D:4      | Noticed an ogre
  2602 | D:4      | Killed an ogre
  2602 | D:4      | Reached skill level 4 in Axes
  2602 | D:4      | Reached XP level 6. HP: 33/55 MP: 5/5
  2678 | D:4      | Noticed a slave
  2679 | D:4      | Noticed a slave
  2682 | D:4      | Noticed Pikel
  2683 | D:4      | Noticed a slave
  2684 | D:4      | Noticed a slave
  2688 | D:4      | Killed a slave
  2691 | D:4      | Killed a slave
  2697 | D:4      | Killed Pikel
  2697 | D:4      | Reached skill level 5 in Fighting
  2697 | D:4      | Reached skill level 6 in Axes
  2697 | D:4      | Reached skill level 5 in Armour
  2697 | D:4      | Reached XP level 7. HP: 59/61 MP: 6/6
  2699 | D:4      | Reached **** piety under Trog
  2952 | D:4      | Found a staircase to the Ecumenical Temple.
  3022 | D:4      | Found a stormy altar of Qazlal.
  3062 | D:4      | Noticed Crazy Yiuf
  3068 | D:4      | Killed Crazy Yiuf
  3150 | D:5      | Entered Level 5 of the Dungeon
  3203 | D:5      | Reached skill level 5 in Dodging
  3218 | D:5      | Noticed Menkaure
  3500 | D:5      | Killed Menkaure
  3500 | D:5      | Reached XP level 8. HP: 70/70 MP: 7/7
  3608 | D:5      | Reached skill level 7 in Axes
  3752 | D:5      | Reached ***** piety under Trog
  4266 | D:5      | Found a deep blue altar of Sif Muna.
  4448 | D:6      | Noticed Eustachio
  4451 | D:6      | Noticed Sigmund
  4488 | D:5      | Killed Eustachio
  4488 | D:5      | Reached skill level 8 in Axes
  4579 | D:6      | Killed Sigmund
  4588 | D:6      | Noticed Edmund
  4594 | D:6      | Killed Edmund
  4623 | D:5      | Reached XP level 9. HP: 52/79 MP: 8/8
  4877 | D:6      | Reached skill level 9 in Axes
  5352 | D:6      | Found an iron altar of Okawaru.
  5483 | D:7      | Reached skill level 1 in Bows
  5652 | D:7      | Got a steaming hand axe
  5653 | D:7      | Identified the +7 hand axe of Skirmishing {elec, Str+4} (You found it on level 7 of the Dungeon)
  5762 | D:7      | Noticed simples's ghost (novice FoFi)
  5770 | D:7      | Killed simples's ghost
  5770 | D:7      | Reached skill level 10 in Axes
  5893 | D:7      | Found a sacrificial altar of Ru.
  6245 | D:7      | Reached XP level 10. HP: 90/90 MP: 9/9
  6349 | D:7      | Received a gift from Trog
  6365 | D:7      | Found an ancient bone altar of Kikubaaqudgha.
  6368 | D:7      | Found a glowing golden altar of the Shining One.
  6825 | D:8      | Found a flagged portal.
  6842 | Bailey   | Entered a bailey
  7083 | Bailey   | Noticed an orc knight
  7083 | Bailey   | Noticed an orc warlord
  7084 | Bailey   | Noticed an orc knight
  7123 | Bailey   | Received a gift from Trog
  7123 | Bailey   | Slain by an orc knight

Skill      XL: |  1  2  3  4  5  6  7  8  9 10 |
---------------+-------------------------------+-----
Axes           | 1 2 3 4 6 8 10 | 10.8
Armour         | 3 4 5 6 7 8 |  8.3
Fighting       | 4 5 6 7 8 9 |  9.1
Dodging        | 3 4 5 6 7 |  7.7
Bows           | 2 4 |  4.0
Polearms       | |  3.7

Action                   |  1- 3 |  4- 6 |  7- 9 | 10-12 || total
-------------------------+-------+-------+-------+-------++-------
Melee: Hand axe          |    50 |   112 |   228 |    89 ||   479
       Spear             |     3 |       |       |       ||     3
       Headbutt          |    10 |    23 |    64 |    15 ||   112
 Fire: Shortbow          |       |       |    24 |    18 ||    42
Throw: Javelin           |       |    24 |       |       ||    24
       Tomahawk          |       |     3 |       |       ||     3
Invok: Berserk           |       |     3 |     6 |     1 ||    10
       Burn Spellbooks   |       |     1 |       |       ||     1
       Brothers in Arms  |       |       |     1 |       ||     1
  Use: Scroll            |       |       |       |     7 ||     7
 Stab: Distracted        |       |       |       |     1 ||     1
  Eat: Chunk             |       |     8 |    18 |     4 ||    30
Armor: Ring mail         |    17 |    31 |    46 |    14 ||   108
       Animal skin       |     1 |       |       |       ||     1
       Scale mail        |       |       |    29 |       ||    29
Dodge: Dodged            |    21 |    70 |   130 |    41 ||   262
